 Dungeon Crawl Stone Soup version 0.25.0-9-g26727b657a (webtiles) character file.

Game seed: 11300602395542463049

3420 nikku the Slinger (level 10, -3/69 HPs)
             Began as a Halfling Hunter on June 16, 2020.
             Was a Believer of Dithmenos.
             Slain by Harold
             ... wielding a +2 long sword of holy wrath
              (13 damage)
             ... on level 7 of the Dungeon.
             The game lasted 00:18:53 (6647 turns).

nikku the Slinger (Halfling Hunter)                 Turns: 6647, Time: 00:18:54

Health: -3/69      AC:  4    Str: 14    XL:     10   Next: 25%
Magic:  10/10      EV: 20    Int:  9    God:    Dithmenos [**....]
Gold:   325        SH:  0    Dex: 18    Spells: 9/9 levels left

rFire    . . .     SeeInvis .   a - +2 hunting sling
rCold    . . .     Gourm    .   (shield restricted)
rNeg     . . .     Faith    .   c - +0 leather armour
rPois    .         Spirit   .   (no helmet)
rElec    .         Reflect  .   (no cloak)
rCorr    .         Harm     .   g - +0 pair of gloves
MR       .....                  (no boots)
Stlth    ++++++....             (no amulet)
HPRegen  0.21/turn              (no ring)
MPRegen  0.12/turn              u - ring of stealth

@: marked, wreathed by umbra
A: small, mutation resistance 1
a: Shadow Step, Renounce Religion


You were on level 7 of the Dungeon.
You worshipped Dithmenos.
Dithmenos was pleased with you.
You were not hungry.

You visited 2 branches of the dungeon, and saw 8 of its levels.

You collected 325 gold pieces.

Inventory:

Hand Weapons
 a - a +2 hunting sling (weapon)
 b - a +0 short sword
 y - a +0 dagger of protection
Missiles
 d - 28 sling bullets (quivered)
 h - 93 stones
Armour
 c - a +0 leather armour (worn)
 g - a +0 pair of gloves (worn)
 n - a +0 kite shield
Jewellery
 u - a ring of stealth (right hand)
Scrolls
 i - 2 scrolls of remove curse
 j - 2 scrolls of amnesia
 p - 5 scrolls of enchant weapon
 s - a scroll of identify
 v - 2 scrolls of teleportation
 x - 3 scrolls of blinking {unknown}
Potions
 e - 2 potions of brilliance
 k - 2 potions of haste {unknown}
 l - 2 potions of magic
 m - 4 potions of curing {unknown}
 o - 4 potions of flight
 q - 3 potions of berserk rage {unknown}
 r - a potion of might {unknown}
 t - a potion of degeneration {unknown}
 w - a potion of resistance {unknown}
Comestibles
 f - 7 rations


   Skills:
 + Level 6.6 Fighting
 + Level 11.3 Slings
 + Level 7.9 Dodging
 + Level 8.4 Stealth


You had 9 spell levels left.
You didn't know any spells.
Your spell library was empty.

Dungeon Overview and Level Annotations

Branches:
Dungeon (7/15)             Temple (1/1) D:4

Altars:
Ashenzari
Cheibriados
Dithmenos
Elyvilon
Fedhas
Gozag
Hepliaklqana
Makhleb
Nemelex Xobeh
Okawaru
Qazlal
Sif Muna
Trog
Uskayaw
Vehumet
Wu Jian
Xom
Zin
The Shining One

Annotations:
D:7 Harold


Innate Abilities, Weirdness & Mutations

You are small and have problems with some larger weapons.
You are somewhat resistant to further mutation.


Message History

Harold is almost dead.
Harold hits you with a +2 long sword of holy wrath.
* * * LOW HITPOINT WARNING * * *
The freed slave hits Harold but does no damage.
The freed slave hits Harold.
Firing (i - inventory. (/) - cycle)
d - 30 sling bullets (quivered)
Press: ? - help, Shift-Dir - straight line, f/p - Harold
Aim: Harold, wielding a +2 long sword of holy wrath and wearing a +0 chain mail (almost dead, umbra)
You shoot a sling bullet. The sling bullet hits Harold.
Harold is almost dead.
The worker ant zombie bites you but does no damage.
The freed slave barely misses Harold.
Firing (i - inventory. (/) - cycle)
d - 29 sling bullets (quivered)
Press: ? - help, Shift-Dir - straight line, f/p - Harold
Aim: Harold, wielding a +2 long sword of holy wrath and wearing a +0 chain mail (almost dead, umbra)
You shoot a sling bullet.
The sling bullet hits Harold but does no damage.
Harold is almost dead.
Harold hits you with a +2 long sword of holy wrath!
You die...

#..)...#....###(#.##
##.....####........##
#............##>.....#
#.......####.##[.###.#
#...............## .#
##......######..# ..
#.......# #.<..## #
##...p...# ##.##..#
### # #....@@..#
#...##.###..
#.#.#.pZ..##
#.#........#
###.#.#....##
#.#..#.#.##.
........#### #
#......#.. ........#
#..#.#)... ........#
.##...).).# ........#
####.. ##.####..
#######.# #...
##.##.... #.#
##.######......##


You could see Harold, a worker ant zombie and 2 neutral freed slaves.

Vanquished Creatures
  Pikel (D:7)
  Prince Ribbit (D:5)
  4 yaks
  A hungry ghost (D:6)
  Menkaure (D:6)
  2 sky beasts (D:5)
  An ice beast (D:5)
  A phantom (D:4)
  2 slaves (D:7)
  5 ogres
  A centaur (D:6)
  5 bullfrogs
  2 scorpions
  A howler monkey (D:4)
  2 crimson imps
  3 orc priests
  4 hounds
  5 orc wizards
  A centaur skeleton (D:7)
  4 worker ants
  A gnoll (D:1)
  4 adders
  A howler monkey skeleton (D:6)
  An adder zombie (D:7)
  An adder skeleton (D:6)
  A worm (D:2)
  5 dart slugs
  5 leopard geckos
  14 orcs
  2 giant cockroaches
  2 goblins
  5 hobgoblins
  6 jackals
  A kobold (D:1)
  4 quokkas
  2 ball pythons (D:4)
  5 bats
  4 frilled lizards
  A leopard gecko zombie (D:7)
  3 rats
115 creatures vanquished.

Vanquished Creatures (others)
  An ogre (D:6)
  A centaur (D:6)
  An orc priest (D:4)
  2 orcs (D:4)
  A giant cockroach (D:7)
  A quokka (D:6)
7 creatures vanquished.

Grand Total: 122 creatures vanquished

Notes
Turn   | Place    | Note
-------+----------+-------------------------------------------
     0 | D:1      | nikku the Halfling Hunter began the quest for the Orb.
     0 | D:1      | Reached XP level 1. HP: 14/14 MP: 1/1
   266 | D:1      | Reached skill level 6 in Slings
   266 | D:1      | Reached XP level 2. HP: 11/19 MP: 2/2
   508 | D:1      | Reached XP level 3. HP: 22/24 MP: 3/3
  1103 | D:2      | Reached XP level 4. HP: 29/29 MP: 4/4
  1900 | D:3      | Reached XP level 5. HP: 35/35 MP: 5/5
  2360 | D:4      | Reached skill level 7 in Slings
  2360 | D:4      | Reached XP level 6. HP: 36/42 MP: 6/6
  2496 | D:4      | Found a staircase to the Ecumenical Temple.
  2518 | Temple   | Entered the Ecumenical Temple
  2567 | Temple   | Became a worshipper of Dithmenos the Shadowed
  3303 | D:4      | Reached XP level 7. HP: 39/46 MP: 7/7
  3779 | D:4      | Reached skill level 8 in Slings
  4189 | D:5      | Entered Level 5 of the Dungeon
  4272 | D:5      | Reached skill level 5 in Dodging
  4272 | D:5      | Reached skill level 5 in Stealth
  4272 | D:5      | Reached XP level 8. HP: 47/54 MP: 8/8
  4449 | D:5      | Found a bloodstained altar of Trog.
  4523 | D:5      | Found a radiant altar of Vehumet.
  4874 | D:5      | Reached skill level 9 in Slings
  4995 | D:5      | Noticed Prince Ribbit
  5016 | D:5      | Killed Prince Ribbit
  5115 | D:5      | Reached skill level 5 in Fighting
  5115 | D:5      | Reached XP level 9. HP: 61/61 MP: 9/9
  5201 | D:6      | Reached * piety under Dithmenos
  5347 | D:6      | Reached skill level 10 in Slings
  5730 | D:6      | Found an ornate altar of the Wu Jian Council.
  5750 | D:6      | Found a stormy altar of Qazlal.
  5795 | D:6      | Noticed Menkaure
  5804 | D:6      | Killed Menkaure
  5879 | D:6      | Found an opulent altar of Gozag.
  5967 | D:6      | Found a shimmering altar of Xom.
  6231 | D:7      | Reached ** piety under Dithmenos
  6239 | D:7      | Reached XP level 10. HP: 68/68 MP: 10/10
  6352 | D:7      | Noticed Pikel
  6405 | D:7      | Killed Pikel
  6405 | D:7      | Reached skill level 11 in Slings
  6583 | D:7      | Noticed Harold
  6647 | D:7      | Slain by Harold

Illustrated notes

Levels and vault maps discovered:
D:1:      dpeg_arrival_water_fire, layout_basic, minmay_tetromino_s4
D:2:      layout_loops_ring, serial_glass, glass_columns_a, glass_columns_a,
          glass_columns_a, glass_columns_c, feat_on_display, feat_on_display,
          item_on_display_a, minmay_strange_pillars
D:3:      layout_loops_ring
D:4:      layout_loops_corners, minmay_temple_entry_statues_fountains,
          lemuel_old_faithful
D:5:      layout_loops_cross, lemuel_doored_altar, first_ration,
          lemuel_altar_in_water, uniq_prince_ribbit1
D:6:      layout_rooms, lemuel_round_altar, nicolae_gozag_seed_capital,
          xom_confusion_cloud, grunt_qazlal_clouds, uniq_menkaure
D:7:      layout_rooms, serial_glass, glass_columns_a, glass_columns_b,
          uniq_harold, uniq_crazy_yiuf_cottage, uniq_pikel
Temple:   eino_wide_crystal_templ

Skill      XL: |  1  2  3  4  5  6  7  8  9 10 |
---------------+-------------------------------+-----
Fighting       | 2 3 4 5 6 |  6.6
Slings         | 6 7 8 9 10 11 | 11.3
Stealth        | 2 3 4 5 6 7 8 |  8.4
Dodging        | 3 4 5 6 7 |  7.9

Action                   |  1- 3 |  4- 6 |  7- 9 | 10-12 || total
-------------------------+-------+-------+-------+-------++-------
Melee: Hunting sling     |       |       |     1 |       ||     1
 Fire: Hunting sling     |    67 |   107 |   316 |    92 ||   582
  Use: Scroll            |     2 |     5 |     3 |       ||    10
  Eat: Chunk             |       |     4 |     8 |     1 ||    13
       Ration            |       |     1 |       |       ||     1
Armor: Leather armour    |     3 |     6 |    13 |     4 ||    26
Dodge: Dodged            |    21 |    21 |    68 |    33 ||   143
